[Event "ICCopen2016"]
[Site "Internet Chess Club"]
[Date "2016.06.04"]
[Round "8"]
[White "MoonlightWizard"]
[Black "maly"]
[Result "1-0"]
[ICCResult "Black forfeits on time"]
[WhiteElo "2907"]
[BlackElo "2479"]
[Opening "Caro-Kann: classical, Spassky variation"]
[ECO "B19"]
[NIC "CK.12"]
[Time "15:21:09"]
[TimeControl "180+0"]

1. e4 c6 2. d4 d5 3. Nc3 dxe4 4. Nxe4 Bf5 5. Ng3 Bg6 6. h4 h6 7. Nf3 Nd7 8.
h5 Bh7 9. Bd3 Bxd3 10. Qxd3 Ngf6 11. Bd2 e6 12. O-O-O Be7 13. Kb1 O-O 14.
Qe2 c5 15. d5 Nxd5 16. Ne4 Qb6 17. g4 Rad8 18. g5 hxg5 19. Nfxg5 N7f6 20.
Rdg1 c4 21. Qxc4 Rd7 22. Qe2 Ba3 23. b3 Rc8 24. Nf3 Nxe4 25. Qxe4 Qc6 26. h6
Nc3+ 27. Bxc3 Qxe4 28. Rxg7+ Kf8 29. h7 Ke7 30. Rxf7+ Kxf7 31. Ng5+ Kg6 32.
Nxe4 Rxh7 33. Rg1+ Kf5 34. Ng3+ Kf4 35. Bd4 Kf3 36. Re1 Bc5 37. Bxc5 Rxc5
38. Ne4 Rc6 39. Re3+ Kf4 40. Nd2 Rh2 41. Rf3+ Kg4 42. Rg3+ Kf4 43. Rf3+ Kg4
44. Rf8 e5 45. Ne4 a6 46. a4 b5 47. axb5 axb5 48. Kb2 b4 49. Kc1 Rch6 50.
Kd2 Rh1 51. Kd3 Rd1+ 52. Kc4 Rd4+ 53. Kc5 Rxe4 54. f3+ Kg5 55. fxe4 Rh2 56.
Kxb4 Rxc2 57. Rf5+ Kg4 58. Rxe5 Kf4 59. Re8 Rc7 60. Ka5 Ra7+ 61. Kb6 Ra3 62.
b4 Kg5 63. b5 Kg6 64. Kc6 Kf7 65. Re5 Ra8 66. Rd5 Rc8+ 67. Kb7 Rc4 68. b6
Rxe4 69. Kb8 Re5 70. Rd7+ Kf6 71. Rf7+ Kg5 72. Rg7+ {Black forfeits on time}
1-0

[Event "ICCopen2016"]
[Site "Internet Chess Club"]
[Date "2016.06.04"]
[Round "8"]
[White "Oblique"]
[Black "JavaChessMan"]
[Result "1-0"]
[ICCResult "Black forfeits on time"]
[WhiteElo "1766"]
[BlackElo "1871"]
[Opening "Trompowsky attack (Ruth, Opocenský opening)"]
[ECO "A45"]
[NIC "QP.07"]
[Time "15:24:16"]
[TimeControl "180+0"]

1. d4 Nf6 2. Bg5 Ne4 3. Bf4 c5 4. d5 Qb6 5. Bc1 g6 6. f3 Nf6 7. e4 d6 8. Bc4
Bg7 9. Ne2 O-O 10. O-O a6 11. a4 Qc7 12. Nbc3 Nbd7 13. Ra2 Ne5 14. b3 Bd7
15. a5 b6 16. axb6 Qxb6 17. Bf4 Nxc4 18. bxc4 Rfb8 19. Qd3 Nh5 20. Be3 Nf6
21. Rb1 Qa7 22. Rba1 Qb6 23. Rb1 Qc7 24. Rba1 Rb6 25. Na4 Rb4 26. Nec3 Bxa4
27. Rxa4 Nd7 28. R1a2 Rb6 29. Nb5 Qb7 30. Nc3 Rb8 31. h3 Ne5 32. Qd2 Rb4 33.
Rxa6 Nxc4 34. Qd3 Nxe3 35. Qxe3 Bd4 36. Ra7 Bxe3+ 37. Kh2 Qxa7 38. Rxa7 Rb2
39. Nd1 {Black forfeits on time} 1-0

[Event "ICCopen2016"]
[Site "Internet Chess Club"]
[Date "2016.06.04"]
[Round "8"]
[White "Westbank"]
[Black "Sibelephant"]
[Result "0-1"]
[ICCResult "White forfeits on time"]
[WhiteElo "2147"]
[BlackElo "3075"]
[Opening "Queen's pawn: London system"]
[ECO "A45"]
[NIC "QP.07"]
[Time "15:26:23"]
[TimeControl "180+0"]

1. d4 Nf6 2. Bf4 g6 3. e3 Bg7 4. h3 c5 5. c3 cxd4 6. cxd4 O-O 7. Nf3 Qb6 8.
Qb3 Qxb3 9. axb3 Nc6 10. Nbd2 Nb4 11. Rc1 d6 12. Be2 Bf5 13. O-O Bd3 14.
Rfe1 Rfc8 15. Rc3 Bxe2 16. Rxe2 Nfd5 17. Rxc8+ Rxc8 18. Bg3 Rc2 19. Re1 Nd3
20. Ra1 a6 21. Nc4 b5 22. Ncd2 N5b4 23. e4 Rxb2 24. e5 dxe5 25. dxe5 Nxe5
26. Nxe5 Rxd2 27. Rc1 Rc2 28. Rd1 Bxe5 29. Bxe5 f6 30. Rd8+ Kf7 31. Bf4 g5
32. Be3 h5 33. Rd4 Nc6 34. Rd7 h4 35. Rc7 Nd4 36. Ra7 Nxb3 37. Rxa6 b4 38.
Rb6 Rc4 39. g3 hxg3 40. fxg3 Nd4 41. Kf2 Rc2+ 42. Kf1 Nf5 43. Bf2 Rb2 44. g4
Nd6 45. Bc5 b3 46. Bxd6 exd6 47. Rxd6 Rc2 48. Rd7+ Ke6 49. Rb7 b2 50. Rb6+
Kd5 51. Rb5+ Kc4 52. Rb8 Rc1+ 53. Ke2 b1=Q 54. Rc8+ Kd4 55. Rd8+ Ke4 56.
Re8+ Kf4 {White forfeits on time} 0-1

[Event "ICCopen2016"]
[Site "Internet Chess Club"]
[Date "2016.06.04"]
[Round "9"]
[White "tangent"]
[Black "klodshans"]
[Result "1-0"]
[ICCResult "Black resigns"]
[WhiteElo "1947"]
[BlackElo "1631"]
[Opening "Robatsch (modern) defense"]
[ECO "B07"]
[NIC "QO.17"]
[Time "15:33:13"]
[TimeControl "180+0"]

1. d4 d6 2. e4 g6 3. Nc3 Bg7 4. h3 Nc6 5. Nge2 e5 6. Be3 Bd7 7. g4 f5 8.
gxf5 gxf5 9. Rg1 Qf6 10. Nd5 Qh6 11. Bxh6 {Black resigns} 1-0

[Event "ICCopen2016"]
[Site "Internet Chess Club"]
[Date "2016.06.04"]
[Round "9"]
[White "TURNER"]
[Black "zloco"]
[Result "0-1"]
[ICCResult "White resigns"]
[WhiteElo "1827"]
[BlackElo "2336"]
[Opening "Sicilian: closed"]
[ECO "B23"]
[NIC "SI.44"]
[Time "15:33:14"]
[TimeControl "180+0"]

1. e4 c5 2. Nc3 g6 3. f4 Bg7 4. Nf3 Nc6 5. Bb5 Nd4 6. O-O Nxb5 7. Nxb5 Qb6
8. c4 d6 9. h3 Bd7 10. Nc3 e6 11. b3 Ne7 12. d3 Bxc3 {White resigns} 0-1

[Event "ICCopen2016"]
[Site "Internet Chess Club"]
[Date "2016.06.04"]
[Round "9"]
[White "JavaChessMan"]
[Black "luckypawns"]
[Result "1-0"]
[ICCResult "Black resigns"]
[WhiteElo "1877"]
[BlackElo "1608"]
[Opening "Corn stalk defense"]
[ECO "B00"]
[NIC "VO.17"]
[Time "15:32:54"]
[TimeControl "180+0"]

1. e4 a5 2. d4 b6 3. f4 e6 4. Nf3 Bb7 5. Bd3 Nf6 6. Nbd2 d5 7. e5 Ne4 8. Qe2
f5 9. exf6 Nxd2 10. Qxe6+ Be7 11. fxg7 {Black resigns} 1-0

[Event "ICCopen2016"]
[Site "Internet Chess Club"]
[Date "2016.06.04"]
[Round "9"]
[White "goran-esyu"]
[Black "kingdavid"]
[Result "1-0"]
[ICCResult "Black resigns"]
[WhiteElo "2194"]
[BlackElo "1146"]
[Opening "Robatsch defense"]
[ECO "B06"]
[NIC "KF.05"]
[Time "15:33:53"]
[TimeControl "180+0"]

1. e4 g6 2. d4 Bg7 3. Nc3 Nf6 4. h3 d5 5. Bd3 dxe4 6. Nxe4 Nxe4 7. Bxe4 Qxd4
8. Qxd4 Bxd4 9. Nf3 O-O 10. Nxd4 c6 11. O-O Be6 12. Bg5 f6 13. Nxe6
{Black resigns}
1-0

[Event "ICCopen2016"]
[Site "Internet Chess Club"]
[Date "2016.06.04"]
[Round "9"]
[White "Werewolf"]
[Black "Barbos"]
[Result "0-1"]
[ICCResult "White checkmated"]
[WhiteElo "2220"]
[BlackElo "2553"]
[Opening "Sicilian: Richter-Rauzer, Rauzer attack, 7...Be7"]
[ECO "B63"]
[NIC "SI.27"]
[Time "15:32:37"]
[TimeControl "180+0"]

1. e4 c5 2. Nf3 d6 3. d4 cxd4 4. Nxd4 Nf6 5. Nc3 Nc6 6. Bg5 e6 7. Qd2 Be7 8.
O-O-O Nxd4 9. Qxd4 a6 10. h4 b5 11. e5 dxe5 12. Qxe5 Bd7 13. Nxb5 axb5 14.
Bxb5 O-O 15. Qd4 Rxa2 16. Kb1 Qa8 17. c4 Bxb5 18. cxb5 Ra1+ 19. Kc2 Rc8+ 20.
Kb3 Qa2# {White checkmated} 0-1

[Event "ICCopen2016"]
[Site "Internet Chess Club"]
[Date "2016.06.04"]
[Round "9"]
[White "geemurfi"]
[Black "waynehatcher"]
[Result "1-0"]
[ICCResult "Black checkmated"]
[WhiteElo "1862"]
[BlackElo "1618"]
[Opening "Pirc defense"]
[ECO "B07"]
[NIC "PU.04"]
[Time "15:33:14"]
[TimeControl "180+0"]

1. e4 d6 2. d4 Nf6 3. Nc3 g6 4. f3 Bg7 5. Be3 O-O 6. Qd2 h5 7. Nge2 a6 8.
Bh6 b5 9. Bxg7 Kxg7 10. O-O-O Nc6 11. h4 Rb8 12. g4 hxg4 13. h5 gxh5 14.
Qg5+ Kh7 15. e5 dxe5 16. dxe5 Qxd1+ 17. Nxd1 gxf3 18. exf6 Bg4 19. Qxg4 Rh8
20. Rxh5# {Black checkmated} 1-0

[Event "ICCopen2016"]
[Site "Internet Chess Club"]
[Date "2016.06.04"]
[Round "9"]
[White "ajedrezlento"]
[Black "Chanikya"]
[Result "0-1"]
[ICCResult "White checkmated"]
[WhiteElo "1904"]
[BlackElo "2675"]
[Opening "Ware (Meadow Hay) opening"]
[ECO "A00"]
[Time "15:33:10"]
[TimeControl "180+0"]

1. a4 Nc6 2. g3 d5 3. Bg2 e5 4. d3 Be6 5. Nd2 Qd7 6. e4 Nf6 7. Ngf3 O-O-O 8.
Qe2 Nb4 9. Nb1 dxe4 10. dxe4 Bc4 11. Nxe5 Bxe2 12. Nxd7 Ba6 13. Nxf6 Nxc2#
{White checkmated}
0-1

[Event "ICCopen2016"]
[Site "Internet Chess Club"]
[Date "2016.06.04"]
[Round "9"]
[White "atilycsy"]
[Black "ALexiz"]
[Result "0-1"]
[ICCResult "White resigns"]
[WhiteElo "1572"]
[BlackElo "1809"]
[Opening "Dutch defense, Rubinstein variation"]
[ECO "A84"]
[NIC "HD.10"]
[Time "15:32:57"]
[TimeControl "180+0"]

1. d4 f5 2. c4 e6 3. Nc3 d5 4. g3 Nf6 5. Bg2 c6 6. Nf3 Bd6 7. O-O O-O 8. b3
Ne4 9. Bf4 Nxc3 10. Qc2 Ne4 11. Nd2 Bxf4 12. gxf4 Qh4 13. Nxe4 fxe4 14. Qd2
Qxf4 15. e3 Qg5 16. cxd5 exd5 17. Rac1 Bh3 18. f3 exf3 19. Qf2 Nd7 20. Qg3
Qxg3 21. hxg3 Bxg2 22. Rf2 Nf6 23. b4 Ng4 24. Rfc2 Nxe3 25. Rf2 Ng4 26. Rfc2
Bh3 27. Rd1 f2+ {White resigns} 0-1

[Event "ICCopen2016"]
[Site "Internet Chess Club"]
[Date "2016.06.04"]
[Round "9"]
[White "Peaceful-Death"]
[Black "JimboPi"]
[Result "1-0"]
[ICCResult "Black resigns"]
[WhiteElo "1789"]
[BlackElo "1654"]
[Opening "Petrov: French attack"]
[ECO "C42"]
[NIC "RG.03"]
[Time "15:33:19"]
[TimeControl "180+0"]

1. e4 e5 2. Nf3 Nf6 3. Nxe5 d6 4. Nf3 Nxe4 5. d3 Nf6 6. d4 d5 7. Bd3 Bd6 8.
O-O O-O 9. Bg5 h6 10. Bh4 g5 11. Bg3 Bxg3 12. hxg3 Bg4 13. Nbd2 c6 14. c3
Nbd7 15. Qc2 Re8 16. Bf5 Bxf5 17. Qxf5 Kg7 18. Rfe1 Nf8 19. Ne5 Ng6 20. f4
Nh7 21. Qxf7+ {Black resigns} 1-0

[Event "ICCopen2016"]
[Site "Internet Chess Club"]
[Date "2016.06.04"]
[Round "9"]
[White "alexandros"]
[Black "MasterDanielX"]
[Result "0-1"]
[ICCResult "White resigns"]
[WhiteElo "1609"]
[BlackElo "1950"]
[Opening "French: Henneberger variation"]
[ECO "C11"]
[NIC "QP.07"]
[Time "15:33:20"]
[TimeControl "180+0"]

1. d4 Nf6 2. Nc3 e6 3. e4 d5 4. Be3 dxe4 5. f3 exf3 6. Nxf3 c6 7. Bd3 Nbd7
8. O-O Bd6 9. Bg5 Qb6 10. Rb1 h6 11. Bh4 O-O 12. Qe1 Nd5 13. Ne5 Bxe5 14.
Na4 Qxd4+ 15. Bf2 Qxa4 16. c4 Nf4 17. b3 Nxd3 {White resigns} 0-1

[Event "ICCopen2016"]
[Site "Internet Chess Club"]
[Date "2016.06.04"]
[Round "9"]
[White "QuieroAprender"]
[Black "tophop"]
[Result "0-1"]
[ICCResult "White resigns"]
[WhiteElo "1381"]
[BlackElo "1631"]
[Opening "Caro-Kann defense"]
[ECO "B10"]
[NIC "CK.01"]
[Time "15:32:49"]
[TimeControl "180+0"]

1. e4 c6 2. Nf3 d5 3. e5 c5 4. d4 Nc6 5. dxc5 Bg4 6. Bf4 e6 7. h3 Bxf3 8.
Qxf3 Bxc5 9. c3 a5 10. Nd2 a4 11. Bb5 Ne7 12. b4 axb3 13. Nxb3 Bb6 14. Nd4
Bxd4 15. cxd4 Qa5+ 16. Bd2 Qxb5 17. Qg4 O-O 18. Bh6 Nf5 19. Rd1 Nxh6 20. f4
Nxg4 21. hxg4 Qb4+ 22. Kf2 Rxa2+ 23. Kg3 Nxd4 24. Rh5 Qc3+ {White resigns}
0-1

[Event "ICCopen2016"]
[Site "Internet Chess Club"]
[Date "2016.06.04"]
[Round "9"]
[White "chaozz"]
[Black "Panesso"]
[Result "1-0"]
[ICCResult "Black resigns"]
[WhiteElo "3014"]
[BlackElo "2293"]
[Opening "Sicilian"]
[ECO "B50"]
[NIC "SI.01"]
[Time "15:32:36"]
[TimeControl "180+0"]

1. e4 c5 2. Nf3 d6 3. Nc3 Nf6 4. d4 cxd4 5. Qxd4 a6 6. e5 Nc6 7. Qa4 dxe5 8.
Nxe5 Bd7 9. Nxd7 Nxd7 10. Be3 e6 11. O-O-O Be7 12. g4 O-O 13. Bg2 Qc8 14. g5
b5 15. Qe4 Ndb8 16. h4 f5 17. gxf6 Bxf6 18. Rd3 Nb4 19. Qxb4 Nc6 20. Qe4 Ne5
21. Qxa8 Nxd3+ 22. cxd3 Qd7 23. Qc6 Qxd3 24. Qxe6+ Kh8 25. Rd1 Qg6 26. Be4
Qh5 {Black resigns} 1-0

[Event "ICCopen2016"]
[Site "Internet Chess Club"]
[Date "2016.06.04"]
[Round "9"]
[White "onti"]
[Black "toguho"]
[Result "1-0"]
[ICCResult "Black resigns"]
[WhiteElo "1354"]
[BlackElo "1512"]
[Opening "KGA: Cunningham defense"]
[ECO "C35"]
[NIC "KG.02"]
[Time "15:32:51"]
[TimeControl "180+0"]

1. e4 e5 2. f4 exf4 3. Nf3 Be7 4. h4 d5 5. exd5 Qxd5 6. Nc3 Qc6 7. Bb5 Bg4
8. Bxc6+ Nxc6 9. O-O O-O-O 10. Qe1 f6 11. d3 g5 12. Ne4 h5 13. Bd2 Nh6 14.
hxg5 Bxf3 15. gxh6 Bxe4 16. Qxe4 Rxh6 17. Bxf4 Rg6 18. Qxg6 {Black resigns}
1-0

[Event "ICCopen2016"]
[Site "Internet Chess Club"]
[Date "2016.06.04"]
[Round "9"]
[White "awesome5123"]
[Black "chapeau"]
[Result "1-0"]
[ICCResult "Black checkmated"]
[WhiteElo "1643"]
[BlackElo "1342"]
[Opening "Scandinavian (center counter) defense"]
[ECO "B01"]
[NIC "VO.17"]
[Time "15:32:58"]
[TimeControl "180+0"]

1. e4 d5 2. exd5 e6 3. Nc3 exd5 4. d4 Nf6 5. Nf3 Bd6 6. Bd3 O-O 7. Be3 Bg4
8. Qd2 Bb4 9. O-O-O c5 10. dxc5 d4 11. Bxd4 Bxf3 12. Bxf6 Qxf6 13. gxf3 Qxf3
14. Rdg1 Nc6 15. Rg3 Qf6 16. Rhg1 g6 17. Nd5 Bxd2+ 18. Kxd2 Qe5 19. Ne3 Qxc5
20. h4 Nb4 21. h5 Nxd3 22. hxg6 fxg6 23. cxd3 Rfd8 24. Ng4 Qa5+ 25. Kc2 Qxa2
26. Nf6+ Kf7 27. Rf3 Kg7 28. Rh1 Rac8+ 29. Kd1 Qxb2 30. Rxh7+ Kf8 31. Nd5+
Ke8 32. Re7# {Black checkmated} 1-0

[Event "ICCopen2016"]
[Site "Internet Chess Club"]
[Date "2016.06.04"]
[Round "9"]
[White "FootDoc"]
[Black "Badigo"]
[Result "0-1"]
[ICCResult "White checkmated"]
[WhiteElo "1628"]
[BlackElo "2161"]
[Opening "Bird's opening"]
[ECO "A03"]
[NIC "VO.07"]
[Time "15:33:51"]
[TimeControl "180+0"]

1. f4 d5 2. Nf3 c6 3. e3 Bg4 4. Be2 Nd7 5. d3 Bxf3 6. Bxf3 e5 7. fxe5 Nxe5
8. O-O Nf6 9. Be2 Bd6 10. Nc3 Bc7 11. Qe1 Qd6 12. Qh4 O-O-O 13. Bd2 Ng6 14.
Qh3+ Kb8 15. g3 h5 16. Rae1 h4 17. e4 Qc5+ 18. Rf2 hxg3 19. Qxh8 Qxf2+ 20.
Kh1 g2# {White checkmated} 0-1

[Event "ICCopen2016"]
[Site "Internet Chess Club"]
[Date "2016.06.04"]
[Round "9"]
[White "Visam"]
[Black "ramezsamir"]
[Result "1-0"]
[ICCResult "Black resigns"]
[WhiteElo "2750"]
[BlackElo "2132"]
[Opening "Queen's pawn"]
[ECO "A40"]
[NIC "QO.17"]
[Time "15:32:37"]
[TimeControl "180+0"]

1. d4 e6 2. g3 d5 3. Nf3 Nf6 4. c4 c6 5. Bg2 Nbd7 6. O-O Bd6 7. Qc2 O-O 8.
Nc3 b6 9. e4 dxe4 10. Ng5 Bb7 11. Ncxe4 Nxe4 12. Bxe4 g6 13. h4 Nf6 14. Bg2
Qc7 15. c5 bxc5 16. dxc5 Be5 17. Nf3 Nd5 18. Nxe5 Qxe5 19. Bh6 Rfd8 20. Rfe1
Qh5 21. Bg5 Re8 22. Qb3 Rab8 23. Bf3 Bc8 24. Qa3 {Black resigns} 1-0

[Event "ICCopen2016"]
[Site "Internet Chess Club"]
[Date "2016.06.04"]
[Round "9"]
[White "maly"]
[Black "GreyWarden"]
[Result "1-0"]
[ICCResult "Black resigns"]
[WhiteElo "2482"]
[BlackElo "2052"]
[Opening "King's Indian: orthodox, Aronin-Taimanov, 9.Ne1"]
[ECO "E98"]
[NIC "KI.03"]
[Time "15:32:48"]
[TimeControl "180+0"]

1. d4 Nf6 2. c4 g6 3. Nc3 Bg7 4. e4 d6 5. Be2 O-O 6. Nf3 e5 7. O-O Nc6 8. d5
Ne7 9. Ne1 Nd7 10. Be3 f5 11. f3 f4 12. Bf2 g5 13. a4 Nf6 14. c5 Ng6 15. a5
h5 16. cxd6 cxd6 17. Nb5 Rf7 18. Bxa7 g4 19. Bb6 Qe7 20. Nc7 Rb8 21. Rc1 Nf8
22. Ba7 N6d7 23. Bxb8 Nxb8 24. fxg4 hxg4 25. Bxg4 Bxg4 26. Qxg4 Qd8 27. Ne6
Qxa5 28. Rc8 Nd7 29. Nf3 Nf6 30. Qg5 Nh7 31. Qg4 Qd2 32. Nxd2 {Black
resigns} 1-0

[Event "ICCopen2016"]
[Site "Internet Chess Club"]
[Date "2016.06.04"]
[Round "9"]
[White "fearlessone"]
[Black "Engevik"]
[Result "1-0"]
[ICCResult "Black checkmated"]
[WhiteElo "1705"]
[BlackElo "1393"]
[Opening "Van't Kruijs opening"]
[ECO "A00"]
[Time "15:32:50"]
[TimeControl "180+0"]

1. e3 d5 2. Ne2 Nf6 3. d3 e5 4. Nd2 Be7 5. g3 O-O 6. Bg2 c5 7. O-O Nc6 8. b3
Bg4 9. Bb2 Rc8 10. h3 Bxe2 11. Qxe2 Re8 12. a3 Bf8 13. Rae1 d4 14. e4 b5 15.
f4 Bd6 16. f5 Na5 17. g4 c4 18. g5 c3 19. Bc1 cxd2 20. Bxd2 Nd7 21. f6 Nc6
22. Qf3 g6 23. h4 Nf8 24. h5 Ne6 25. Bh3 Bf8 26. Bxe6 Rxe6 27. hxg6 hxg6 28.
Re2 b4 29. a4 Bg7 30. fxg7 Kxg7 31. Qxf7+ Kh8 32. Rh2# {Black checkmated}
1-0

[Event "ICCopen2016"]
[Site "Internet Chess Club"]
[Date "2016.06.04"]
[Round "9"]
[White "Ajolote"]
[Black "jjn"]
[Result "0-1"]
[ICCResult "White checkmated"]
[WhiteElo "1528"]
[BlackElo "1833"]
[Opening "French: exchange variation"]
[ECO "C01"]
[NIC "FR.01"]
[Time "15:32:37"]
[TimeControl "180+0"]

1. e4 e6 2. d4 d5 3. exd5 exd5 4. Nc3 Nf6 5. Qf3 Be7 6. h3 c6 7. Bd3 O-O 8.
Nge2 Nbd7 9. Bf4 Re8 10. O-O Nf8 11. g4 Ne6 12. Qg3 Nxf4 13. Qxf4 Bd6 14.
Qf3 Qb6 15. b3 Bb4 16. Na4 Qc7 17. c3 Bd6 18. Nb2 b5 19. Nd1 a5 20. Ne3 Ba6
21. h4 b4 22. Bxa6 Rxa6 23. g5 Ne4 24. cxb4 Nd2 25. Qf5 Nxf1 26. Rxf1 axb4
27. Nc1 Qb6 28. Qd7 Rd8 29. Qg4 Raa8 30. Re1 Re8 31. Rf1 Rad8 32. Nf5 Bb8
33. h5 Qc7 34. g6 Qh2# {White checkmated} 0-1

[Event "ICCopen2016"]
[Site "Internet Chess Club"]
[Date "2016.06.04"]
[Round "9"]
[White "NAS"]
[Black "manta2"]
[Result "1-0"]
[ICCResult "Black resigns"]
[WhiteElo "1664"]
[BlackElo "1126"]
[Opening "Sicilian: Taimanov variation"]
[ECO "B45"]
[NIC "SI.39"]
[Time "15:33:15"]
[TimeControl "180+0"]

1. e4 c5 2. Nf3 e6 3. d4 cxd4 4. Nxd4 Nc6 5. Nc3 Bb4 6. Be3 Nf6 7. Bd3 d5 8.
exd5 Nxd5 9. O-O Nxc3 10. bxc3 Bxc3 11. Nxc6 bxc6 12. Rb1 O-O 13. Qf3 Bb7
14. Bc5 Rb8 15. Bxf8 Kxf8 16. Bxh7 g6 17. Bxg6 Kg7 18. Be4 f5 19. Qxc3+ Qf6
20. Qxf6+ Kxf6 21. Bxc6 {Black resigns} 1-0

[Event "ICCopen2016"]
[Site "Internet Chess Club"]
[Date "2016.06.04"]
[Round "9"]
[White "Colombiano07"]
[Black "manneredmonkey"]
[Result "0-1"]
[ICCResult "White resigns"]
[WhiteElo "1891"]
[BlackElo "1689"]
[Opening "Queen's pawn: London system"]
[ECO "A45"]
[NIC "QP.07"]
[Time "15:33:49"]
[TimeControl "180+0"]

1. d4 Nf6 2. Bf4 c5 3. e3 e6 4. c3 b6 5. Nf3 Be7 6. Be2 Bb7 7. O-O O-O 8.
Nbd2 d5 9. a4 Nc6 10. Ne5 Re8 11. Bb5 Rc8 12. a5 Bd6 13. Qa4 Bxe5 14. Bxe5
Nd7 15. Bg3 a6 16. Bxc6 Bxc6 17. Qb3 b5 18. Rac1 c4 19. Qa3 e5 20. f4 exd4
21. exd4 Nf6 22. Rfe1 Qd7 23. Re5 Ng4 24. Rxe8+ Rxe8 25. h3 Ne3 26. Re1 Nc2
27. Rxe8+ Qxe8 28. Qd6 h6 29. Nf3 Ne3 30. Ne5 Ba8 31. Qxa6 Nf5 32. Kh2 f6
33. Ng4 h5 34. Nxf6+ gxf6 35. Qxf6 Qf7 36. Qd8+ Qf8 37. Qg5+ Ng7 38. Qxd5+
Bxd5 {White resigns} 0-1

[Event "ICCopen2016"]
[Site "Internet Chess Club"]
[Date "2016.06.04"]
[Round "9"]
[White "MorningRunner"]
[Black "abroz"]
[Result "0-1"]
[ICCResult "White resigns"]
[WhiteElo "2163"]
[BlackElo "2543"]
[Opening "Modern defense"]
[ECO "A40"]
[NIC "QO.17"]
[Time "15:34:07"]
[TimeControl "180+0"]

1. d4 g6 2. Nf3 Bg7 3. e4 d6 4. Bd3 a6 5. h3 b5 6. a4 bxa4 7. Be3 Nd7 8. O-O
Ngf6 9. c4 e5 10. Qxa4 exd4 11. Nxd4 O-O 12. Nc3 Nc5 13. Qd1 Bb7 14. f3 Re8
15. Bc2 a5 16. Bg5 h6 17. Bh4 g5 18. Bf2 Bc8 19. Qd2 Ne6 20. Rad1 Nxd4 21.
Bxd4 Be6 22. Nd5 Bxd5 23. cxd5 Nd7 24. Bxg7 Kxg7 25. Qd4+ Qf6 26. Qc4 Ne5
27. Ba4 Nxc4 {White resigns} 0-1

[Event "ICCopen2016"]
[Site "Internet Chess Club"]
[Date "2016.06.04"]
[Round "9"]
[White "danvenez"]
[Black "TudoracheM"]
[Result "0-1"]
[ICCResult "White checkmated"]
[WhiteElo "1527"]
[BlackElo "1712"]
[Opening "Bird's opening"]
[ECO "A03"]
[NIC "VO.07"]
[Time "15:32:55"]
[TimeControl "180+0"]

1. f4 d5 2. d3 g6 3. Nf3 Bg7 4. c3 c5 5. e3 Bg4 6. Be2 Nc6 7. a4 Nf6 8. Na3
a6 9. O-O Nd7 10. d4 cxd4 11. cxd4 O-O 12. Ne5 Bxe2 13. Qxe2 f6 14. Nd3 e5
15. dxe5 fxe5 16. fxe5 Ndxe5 17. Rxf8+ Qxf8 18. Nxe5 Nxe5 19. Bd2 Qc5 20. b4
Qb6 21. Rb1 Re8 22. Nc2 Nc4 23. Nd4 Bxd4 24. Qd3 Nxd2 25. Rd1 Bxe3+ 26. Kh1
Ne4 27. Qxd5+ Qe6 28. Qxb7 Nf2+ 29. Kg1 Nxd1+ 30. Kh1 Bc5 31. g3 Qe1+ 32.
Kg2 Qf2+ 33. Kh3 Qf1+ 34. Kh4 Be7+ 35. Kg4 Qf5# {White checkmated} 0-1

[Event "ICCopen2016"]
[Site "Internet Chess Club"]
[Date "2016.06.04"]
[Round "9"]
[White "BlitzorDDD"]
[Black "aplusk"]
[Result "1/2-1/2"]
[ICCResult "Game drawn by mutual agreement"]
[WhiteElo "3031"]
[BlackElo "2931"]
[Opening "English: Mikenas-Carls, Sicilian variation"]
[ECO "A19"]
[NIC "EO.55"]
[Time "15:32:59"]
[TimeControl "180+0"]

1. c4 Nf6 2. Nc3 e6 3. e4 c5 4. e5 Ng8 5. d4 cxd4 6. Qxd4 Nc6 7. Qe4 d6 8.
Nf3 dxe5 9. Nxe5 Nf6 10. Nxc6 Nxe4 11. Nxd8 Nxc3 12. Nxf7 Kxf7 13. bxc3 Bd7
14. Be3 b6 15. Be2 Ba4 16. O-O Be7 17. Bd1 Bxd1 18. Rfxd1 Rhd8 19. Rxd8 Rxd8
20. a4 Bf6 21. c5 Bxc3 22. Rc1 bxc5 23. Bxc5 Bb2 24. Rb1 Bd4 25. Rb7+ Kg6
26. Be7 Rd5 27. g4 h5 28. h3 hxg4 29. hxg4 Ra5 30. Rb4 Bc5
{Game drawn by mutual agreement}
1/2-1/2

[Event "ICCopen2016"]
[Site "Internet Chess Club"]
[Date "2016.06.04"]
[Round "9"]
[White "Shafkat"]
[Black "mrneale"]
[Result "1-0"]
[ICCResult "Black checkmated"]
[WhiteElo "1641"]
[BlackElo "1249"]
[Opening "Ruy Lopez: Wormald (Alapin) attack"]
[ECO "C77"]
[NIC "RL.12"]
[Time "15:32:50"]
[TimeControl "180+0"]

1. e4 e5 2. Nf3 Nc6 3. Bb5 a6 4. Ba4 Nf6 5. Qe2 d6 6. h3 Bd7 7. c3 b5 8. Bb3
Be7 9. d3 h6 10. Be3 O-O 11. Nbd2 Nh7 12. g4 Ng5 13. Nxg5 Bxg5 14. Bxg5 Qxg5
15. h4 Qxg4 16. Qxg4 Bxg4 17. Rg1 Be6 18. Bxe6 fxe6 19. Ke2 Rf7 20. Rg2 Raf8
21. Rag1 Rf4 22. h5 R8f7 23. b3 Rh4 24. a4 Rxh5 25. axb5 axb5 26. Nf3 Ne7
27. d4 Rh4 28. Nxh4 g6 29. Nxg6 Nxg6 30. Rxg6+ Kh7 31. dxe5 dxe5 32. Rxe6 h5
33. Rxe5 Rf4 34. Rxh5# {Black checkmated} 1-0

[Event "ICCopen2016"]
[Site "Internet Chess Club"]
[Date "2016.06.04"]
[Round "9"]
[White "fisek2007"]
[Black "ShadowLike"]
[Result "0-1"]
[ICCResult "White checkmated"]
[WhiteElo "2409"]
[BlackElo "2006"]
[Opening "English opening"]
[ECO "A21"]
[NIC "EO.23"]
[Time "15:33:40"]
[TimeControl "180+0"]

1. c4 e5 2. Nc3 Bc5 3. Nf3 d6 4. d3 c6 5. g3 Be6 6. Bg2 Nd7 7. O-O h5 8. Rb1
h4 9. Nxh4 Rxh4 10. gxh4 Qxh4 11. Ne4 Ngf6 12. Bg5 Qh5 13. Bxf6 gxf6 14. b4
Bb6 15. Nxd6+ Ke7 16. c5 Rh8 17. e3 Qxh2# {White checkmated} 0-1

[Event "ICCopen2016"]
[Site "Internet Chess Club"]
[Date "2016.06.04"]
[Round "9"]
[White "cap78red"]
[Black "rookfish"]
[Result "1-0"]
[ICCResult "Black checkmated"]
[WhiteElo "1374"]
[BlackElo "1177"]
[Opening "English opening"]
[ECO "A21"]
[NIC "EO.23"]
[Time "15:32:51"]
[TimeControl "180+0"]

1. c4 e5 2. Nc3 g6 3. e4 Bg7 4. d3 c6 5. f4 d6 6. Nf3 Nf6 7. Be2 Bg4 8. O-O
O-O 9. f5 Bxf3 10. Bxf3 Qb6+ 11. Kh1 Kh8 12. g4 d5 13. g5 dxe4 14. gxf6 Bxf6
15. Bxe4 Nd7 16. Bh6 Rg8 17. Qf3 Nc5 18. fxg6 Nxe4 19. Nxe4 Bh4 20. gxf7 Rg7
21. f8=Q+ Rxf8 22. Qxf8+ Rg8 23. Bg7# {Black checkmated} 1-0

[Event "ICCopen2016"]
[Site "Internet Chess Club"]
[Date "2016.06.04"]
[Round "9"]
[White "MBJPM"]
[Black "fviana"]
[Result "1-0"]
[ICCResult "Black resigns"]
[WhiteElo "1869"]
[BlackElo "2141"]
[Opening "Sicilian: Taimanov variation"]
[ECO "B46"]
[NIC "SI.39"]
[Time "15:34:04"]
[TimeControl "180+0"]

1. e4 c5 2. Nf3 Nc6 3. d4 cxd4 4. Nxd4 e6 5. Nc3 a6 6. g3 Qc7 7. Bg2 Nf6 8.
O-O Be7 9. Be3 O-O 10. f4 d6 11. h3 Bd7 12. Qe2 b5 13. a3 Na5 14. Rad1 Nc4
15. Bc1 Nxa3 16. e5 Rac8 17. exf6 Bxf6 18. Kh2 Nc4 19. Ne4 Be7 20. f5 e5 21.
f6 {Black resigns} 1-0